 Dungeon Crawl Stone Soup version 0.20-a0-947-g2784f4f (webtiles) character file.

6430 alternate the Arsonist (level 10, -4/86 HPs)
             Began as a Grey Draconian Fire Elementalist on Apr 2, 2017.
             Killed from afar by an ice statue (29 damage)
             ... with a shard of ice
             ... on level 9 of the Dungeon on Apr 3, 2017.
             The game lasted 00:29:07 (8536 turns).

alternate the Arsonist (DrFE)                       Turns: 8536, Time: 00:29:08

Health: -4/86      AC: 14    Str: 10    XL:     10   Next: 67%
Magic:  0/20       EV: 15    Int: 25    God:
Gold:   506        SH:  0    Dex: 12    Spells: 5/23 levels left

rFire    . . .     SeeInvis .   j - +8 falchion of Wrath {venom, *Drain Int+6}
rCold    . . .     Gourm    .   (no shield)
rNeg     . . .     Faith    .   (armour unavailable)
rPois    .         Spirit   +   (helmet restricted)
rElec    .         Reflect  .   h - scarf {Spirit}
rCorr    .         Harm     .   B - +0 pair of gloves (curse)
MR       .....     Rnd*Tele +   O - +0 pair of boots
Stlth    ++........             (no amulet)
Regen    0.3/turn               K - ring of teleportation (curse)
MPRegen  0.2/turn               (no ring)

@: no status effects
A: walk through water, unfitting armour, unbreathing, cold-blooded, AC +12
a: no special abilities


You were on level 9 of the Dungeon.
You were hungry.

You visited 1 branch of the dungeon, and saw 9 of its levels.

You collected 506 gold pieces.

Inventory:

Hand Weapons
 j - the +8 falchion of Wrath (weapon) {venom, *Drain Int+6}
   (You found it on level 4 of the Dungeon)

   It poisons the flesh of those it strikes.
   It affects your intelligence (+6).
   It causes draining when unequipped.
 k - the +2 war axe "Guxijele" {venom, MR+, unknown}
   (You found it on level 5 of the Dungeon)

   It poisons the flesh of those it strikes.
   It affects your resistance to hostile enchantments.
 q - a +2 dagger of venom
 x - the cursed +0 falchion of Ruschae {flame, rElec rF+ Str+4 Dex-4, unknown}
   (You took it off a crimson imp on level 5 of the Dungeon)

   It has been specially enchanted to burn those struck by it, causing extra
   injury to most foes and up to half again as much damage against particularly
   susceptible opponents.
   Big, fiery blades are also staple armaments of hydra-hunters.
   It affects your strength (+4).
   It affects your dexterity (-4).
   It protects you from fire.
   It insulates you from electricity.
   It has a curse placed upon it.
 N - the cursed +1 trident "Ezxygow" {speed, Int+3, unknown}
   (You found it on level 9 of the Dungeon)

   Attacks with this weapon are significantly faster.
   It affects your intelligence (+3).
   It has a curse placed upon it.
Armour
 h - a scarf of spirit shield (worn)
 B - a cursed +0 pair of gloves (worn)
 E - a +0 pair of gloves
 L - the cursed +0 shield of Orufigo {*Drain rF+ Regen+ SInv, unknown}
   (You found it on level 9 of the Dungeon)

   It protects you from fire.
   It lets you see invisible.
   It increases your rate of regeneration.
   It causes draining when unequipped.
   It has a curse placed upon it.
 O - a +0 pair of boots (worn)
Jewellery
 K - a cursed ring of teleportation (left hand)
 M - an uncursed amulet of guardian spirit
Wands
 n - a wand of digging (18/24)
 u - a wand of flame (34/48)
 C - a wand of disintegration (12/24)
 F - a wand of paralysis (11/24)
 H - a wand of iceblast (4/15)
 I - a wand of enslavement (10/24)
Scrolls
 d - 2 scrolls of blinking
 e - 3 scrolls of magic mapping
 g - 2 scrolls of fear
 i - a scroll of teleportation
 l - 2 scrolls of immolation
 t - a scroll of enchant weapon
 w - a scroll of noise {unknown}
 D - a scroll of remove curse {unknown}
 G - a scroll of enchant armour {unknown}
 J - a scroll of summoning {unknown}
Potions
 c - 4 potions of brilliance
 m - 3 potions of heal wounds {unknown}
 o - 7 potions of curing
 p - a potion of degeneration {unknown}
 r - 2 potions of flight {unknown}
 s - 2 potions of agility
 A - 2 potions of haste {unknown}
Books
 a - a book of Flames

   Spells                             Type                      Level
   a - Flame Tongue                   Conjuration/Fire             1
   b - Throw Flame                    Conjuration/Fire             2
   c - Conjure Flame                  Conjuration/Fire             3
   d - Inner Flame                    Hexes/Fire                   3
   e - Sticky Flame                   Conjuration/Fire             4
   f - Fireball                       Conjuration/Fire             5
 y - a book of Air

   Spells                             Type                      Level
   a - Shock                          Conjuration/Air              1
   b - Swiftness                      Charms/Air                   2
   c - Static Discharge               Conjuration/Air              3
   d - Airstrike                      Air                          4
   e - Lightning Bolt                 Conjuration/Air              5
Comestibles
 b - 7 bread rations
 f - 6 meat rations
 v - 6 fruits
 z - 2 royal jellies


   Skills:
 + Level 7.1 Fighting
 + Level 5.9 Dodging
 - Level 1.7 Stealth
 * Level 7.2 Spellcasting
 + Level 8.0 Conjurations
 + Level 8.5 Fire Magic


You had 5 spell levels left.
You knew the following spells:

 Your Spells              Type           Power        Failure   Level  Hunger
a - Flame Tongue          Conj/Fire      #####        1%          1    None
b - Throw Flame           Conj/Fire      ######       1%          2    None
c - Conjure Flame         Conj/Fire      ######..     1%          3    None
d - Inner Flame           Hex/Fire       ####....     3%          3    None
e - Sticky Flame          Conj/Fire      ######..     1%          4    ###....
f - Fireball              Conj/Fire      ######....   8%          5    #####..


Dungeon Overview and Level Annotations

Branches:
Dungeon (9/15)             Temple (0/1) D:4
   Lair: D:8-11         Orc: D:9-12

Altars:
Makhleb
Nemelex Xobeh
Trog

Annotations:
D:9 exclusion: ice statue, Erolcha


Innate Abilities, Weirdness & Mutations

You can walk through water.
Your dull iron-grey scales are very hard. (AC +12)
You cannot fit into any form of body armour.
You can survive without breathing.
You are cold-blooded and may be slowed by cold attacks.


Message History

The howler monkey is almost dead.
You kill the howler monkey!
The howler monkey hoots and howls with incredible vigour!
The howler monkey completely misses you.
Erolcha barely misses you. The howler monkey hits you!
Your surroundings suddenly seem different.
Found 128 gold pieces, 28 stones and a bardiche.
You enter the deep water.
You sink to the bottom.
Moving in this stuff is going to be slow.
The ice statue gestures.
The ice statue gestures at you. The freezing blast misses you.
You are engulfed in freezing vapours.
* * * LOW HITPOINT WARNING * * *
The ice statue gestures.
The ice beast hits you but does no damage.
The ice statue gestures at you. The shard of ice hits you!
You die...

#.........#
#)###
#.......).#
#...##
##.......##
#.#..###
........##
##⌠...⌠#
...######
#.....#
...#
#.....#
####
#.....#
#....?#
#@.§..#
#§§Y≈≈#
#Y§8≈≈#
#§§§≈≈#
#.§...#
#.....#
#...(.#
#.....#
#$$$$$#


You could see an ice statue and 2 ice beasts.

Vanquished Creatures
  4 two-headed ogres
  Pikel (D:7)
  Prince Ribbit (D:7)
  2 hippogriffs (D:9)
  Menkaure (D:7)
  A soldier ant (D:8)
  A water moccasin (D:7)
  3 ice beasts
  A sky beast (D:7)
  An orc warrior (D:6)
  2 black bears (D:8)
  A phantom (D:7)
  A necrophage (D:7)
  6 ogres
  2 centaurs
  2 bullfrogs
  2 water moccasin skeletons
  A wight (D:6)
  2 howler monkeys (D:9)
  3 crimson imps
  2 hounds
  2 orc wizards
  2 centaur skeletons
  Ijyb (D:3)
  Natasha (D:3)
  2 iguanas (D:5)
  4 worker ants
  A hound skeleton (D:8)
  A worker ant zombie (D:6)
  3 gnolls (D:6)
  A howler monkey skeleton (D:8)
  15 adders
  2 shadow imps
  2 oozes
  An adder skeleton (D:8)
  2 dart slugs
  5 leopard geckos
  15 orcs
  9 giant cockroaches
  7 goblins
  7 hobgoblins
  16 jackals
  9 kobolds
  2 quokkas
  5 ball pythons
  6 bats
  5 frilled lizards
  8 rats
174 creatures vanquished.

Vanquished Creatures (others)
  A slave (D:7)
  An iguana (D:7)
  An orc wizard (D:7)
  3 orcs (D:7)
6 creatures vanquished.

Grand Total: 180 creatures vanquished

Notes
Turn   | Place    | Note
-------+----------+-------------------------------------------
     0 | D:1      | alternate the Draconian Fire Elementalist began the quest for the Orb.
     0 | D:1      | Reached XP level 1. HP: 14/14 MP: 3/3
   233 | D:1      | Reached XP level 2. HP: 13/22 MP: 0/5
   364 | D:1      | Learned a level 2 spell: Throw Flame
   731 | D:1      | Reached skill level 1 in Fighting
  1033 | D:1      | Found a sparkling altar of Nemelex Xobeh.
  1243 | D:1      | Reached XP level 3. HP: 28/28 MP: 3/6
  1276 | D:1      | Learned a level 3 spell: Conjure Flame
  1566 | D:2      | Found a faded altar of an unknown god.
  1819 | D:2      | Reached XP level 4. HP: 35/35 MP: 5/7
  2685 | D:3      | Noticed Ijyb
  2697 | D:3      | Reached XP level 5. HP: 40/41 MP: 3/8
  2716 | D:3      | Killed Ijyb
  2934 | D:3      | Noticed Natasha
  2941 | D:3      | Killed Natasha
  3173 | D:3      | Learned a level 3 spell: Inner Flame
  3239 | D:4      | Got a translucent falchion
  3240 | D:4      | Identified the +8 falchion of Wrath {venom, *Drain Int+6} (You found it on level 4 of the Dungeon)
  3359 | D:4      | Found a staircase to the Ecumenical Temple.
  3596 | D:4      | Found a burning altar of Makhleb.
  3646 | D:4      | Reached XP level 6. HP: 48/50 MP: 4/10
  3814 | D:4      | Found a bloodstained altar of Trog.
  4007 | D:5      | Entered Level 5 of the Dungeon
  4308 | D:5      | Got a translucent war axe
  4378 | D:5      | Got a shimmering falchion {flame}
  4445 | D:5      | Noticed an ice beast
  4447 | D:5      | Killed an ice beast
  4447 | D:5      | Your scales start taking on a dull iron-grey colour.
  4447 | D:5      | Reached XP level 7. HP: 57/57 MP: 8/12
  4447 | D:5      | Gained mutation: You can survive without breathing. [Grey Draconian growth]
  4455 | D:5      | Reached skill level 5 in Fire Magic
  4849 | D:6      | Learned a level 4 spell: Sticky Flame
  5271 | D:6      | Reached XP level 8. HP: 66/66 MP: 10/13
  5669 | D:6      | Reached skill level 5 in Conjurations
  6009 | D:7      | Noticed Pikel
  6035 | D:7      | Killed Pikel
  6182 | D:7      | Noticed Prince Ribbit
  6188 | D:7      | Killed Prince Ribbit
  6188 | D:7      | Reached skill level 5 in Fighting
  6188 | D:7      | Reached XP level 9. HP: 74/74 MP: 7/15
  6321 | D:7      | Noticed Menkaure
  6326 | D:7      | Killed Menkaure
  6934 | D:8      | Reached skill level 5 in Spellcasting
  7096 | D:8      | Noticed a two-headed ogre
  7103 | D:8      | Killed a two-headed ogre
  7103 | D:8      | Reached skill level 5 in Dodging
  7204 | D:8      | Found a burning altar of Makhleb.
  7209 | D:8      | Noticed a blizzard demon
  7633 | D:8      | Noticed a two-headed ogre
  7645 | D:8      | Killed a two-headed ogre
  7645 | D:8      | Reached XP level 10. HP: 78/84 MP: 7/19
  7740 | D:8      | Noticed a two-headed ogre
  7746 | D:8      | Killed a two-headed ogre
  8040 | D:9      | Got a slimy shield
  8147 | D:9      | Noticed an ice statue
  8197 | D:9      | Noticed Erolcha
  8267 | D:9      | Got a scorched trident
  8314 | D:9      | Noticed a two-headed ogre
  8327 | D:9      | Killed a two-headed ogre
  8404 | D:9      | Learned a level 5 spell: Fireball
  8536 | D:9      | Killed from afar by an ice statue

Vault maps used:
D:1:      erik_arrival_triangle_large, nemelex_xobeh_ov_fountains_minmay
D:2:      chequers_ecumenical_altar_lobes
D:3:      first_bread, hex_medium, uniq_natasha, uniq_iyjb
D:4:      marbit_many_paths, minmay_temple_entry_metal_lava, kennysheep_nub,
          trog_hazing_becter
D:7:      uniq_menkaure, uniq_pikel, uniq_prince_ribbit1
D:8:      hangedman_decor_riveting, grunt_ogre_cave, makhleb_altar_promises_db
D:9:      lemuel_ice_statue, uniq_psyche, uniq_erolcha

Skill      XL: |  1  2  3  4  5  6  7  8  9 10 |
---------------+-------------------------------+-----
Fighting       | 1 2 3 4 5 6 7 |  7.1
Dodging        | 2 3 4 5 |  5.9
Conjurations   | 2 3 4 6 7 8 |  8.0
Fire Magic     | 4 5 6 8 |  8.5
Spellcasting   | 3 4 6 7 |  7.2
Stealth        | |  1.7

Action                   |  1- 3 |  4- 6 |  7- 9 | 10-12 || total
-------------------------+-------+-------+-------+-------++-------
Melee: Unarmed           |    30 |       |       |       ||    30
       Dagger            |    23 |    32 |       |       ||    55
       Tailslap          |     4 |     1 |     4 |       ||     9
       Falchion          |       |     9 |    31 |     8 ||    48
 Cast: Flame Tongue      |    55 |   123 |   174 |    47 ||   399
       Conjure Flame     |     1 |       |     4 |     2 ||     7
       Sticky Flame      |       |       |     8 |     4 ||    12
       Throw Flame       |       |       |     2 |       ||     2
  Use: Scroll            |     1 |     4 |     2 |     4 ||    11
 Stab: Distracted        |       |       |     1 |       ||     1
  Eat: Chunk             |     4 |     8 |    11 |     3 ||    26
Armor: Skin              |    29 |    44 |    35 |    15 ||   123
Dodge: Dodged            |    75 |    83 |    95 |    33 ||   286
       Rpst.: Falchion   |       |     5 |    15 |     4 ||    24
